 Dungeon Crawl Stone Soup version 0.22-b1-21-g5cfc168 (webtiles) character file.

73 tyranidshit the Skirmisher (level 4, -7/39 HPs)
             Began as a Demonspawn Abyssal Knight on Aug 2, 2018.
             Was a Believer of Lugonu.
             Mangled by an orc
             ... wielding a +0 flail
              (8 damage)
             ... on level 3 of the Dungeon.
             The game lasted 00:03:14 (1791 turns).

tyranidshit the Skirmisher (DsAK)                   Turns: 1791, Time: 00:03:15

Health: -7/39      AC:  9    Str: 13    XL:     4   Next: 8%
Magic:  5/5        EV:  6    Int: 14    God:    Lugonu [**....]
Gold:   136        SH:  0    Dex: 12    Spells: 3/3 levels left

rFire    . . .     SeeInvis .   a - +1 hand axe
rCold    . . .     Gourm    +   (no shield)
rNeg     . . .     Faith    .   i - +0 chain mail
rPois    .         Spirit   .   (helmet restricted)
rElec    .         Reflect  .   h - +0 cloak
rCorr    .         Harm     .   (no gloves)
MR       .....                  (no boots)
Stlth    ..........             g - amulet of the gourmand
HPRegen  0.13/turn              f - ring of attention (curse)
MPRegen  0.09/turn              (no ring)

@: no status effects
A: antennae 1
a: Depart the Abyss, Bend Space, Renounce Religion


You were on level 3 of the Dungeon.
You worshipped Lugonu.
Lugonu was pleased with you.
You were very hungry.

You visited 1 branch of the dungeon, and saw 3 of its levels.
You visited the Abyss 1 time.

You collected 136 gold pieces.

Inventory:

Hand Weapons
 a - a +1 hand axe (weapon)
Armour
 b - a +0 leather armour
 d - a +0 ring mail
 h - a +0 cloak (worn)
 i - a +0 chain mail (worn)
Jewellery
 f - a cursed ring of attention (left hand)
 g - an amulet of the gourmand (around neck)
Wands
 m - a wand of polymorph (12)
Scrolls
 e - 2 scrolls of remove curse
 j - a scroll of blinking
 k - 2 scrolls of identify
Potions
 l - a potion of might
Comestibles
 c - 6 rations


   Skills:
 + Level 5.0 Fighting
 - Level 1.7 Axes
 - Level 1.7 Armour
 - Level 0.8 Dodging
 - Level 2.4 Invocations


You had 3 spell levels left.
You didn't know any spells.
Your spell library was empty.

Dungeon Overview and Level Annotations

Branches:
Dungeon (3/15)

Altars:
Kikubaaqudgha
Wu Jian


Innate Abilities, Weirdness & Mutations

You have a pair of small antennae on your head.


Message History

Unknown command.
You closely miss the orc. You hit the orc. You hit the orc but do no damage.
The orc hits you.
* * * LOW HITPOINT WARNING * * *
The orc barely misses you. x2; The orc closely misses you.
Unknown command.
You hit the orc but do no damage. You closely miss the orc. You hit the orc.
The orc hits you.
* * * LOW HITPOINT WARNING * * *
The orc hits you with a trident.
* * * LOW HITPOINT WARNING * * *
The orc barely misses you.
Unknown command.
You hit the orc.
The orc is lightly wounded.
You hit the orc. You hit the orc but do no damage. The orc hits you.
* * * LOW HITPOINT WARNING * * *
The orc hits you but does no damage. The orc completely misses you.
The orc hits you with a flail!
You die...

#.# #.# #..# #.# ... #.#
#.. #.# . #.# #.# .. #.#
#.# ####.####.# #.######
......o@o.#######.......
.....#.o.........>...#.#
#.. #.#.?..............
. .....###########.#.#
...##### #.... ....
###.. ..# #). ## #.. ##.


You could see 3 orcs.

Vanquished Creatures
  2 adders (D:2)
  2 worms (D:2)
  2 dart slugs (D:1)
  A leopard gecko (D:2)
  3 orcs (D:3)
  3 bats
  3 giant cockroaches (D:2)
  5 goblins
  5 hobgoblins
  2 jackals (D:1)
  6 kobolds
  2 ball pythons
  A frilled lizard (D:2)
  3 rats
40 creatures vanquished.

Vanquished Creatures (others)
  A human (D:3)
1 creature vanquished.

Grand Total: 41 creatures vanquished

Notes
Turn   | Place    | Note
-------+----------+-------------------------------------------
     0 | Abyss:1  | tyranidshit the Demonspawn Abyssal Knight began the quest for the Orb.
     0 | Abyss:1  | Reached XP level 1. HP: 18/18 MP: 2/2
    37 | Abyss:1  | Found a corrupted altar of Lugonu.
    51 | Abyss:1  | Noticed a wretched star
    53 | D:1      | Escaped the Abyss
   185 | D:1      | Reached * piety under Lugonu
   229 | D:1      | Gained mutation: You have a pair of small antennae on your head. [demonic ancestry]
   229 | D:1      | Reached XP level 2. HP: 15/24 MP: 3/3
   424 | D:1      | Reached skill level 4 in Fighting
   531 | D:1      | Found an ornate altar of the Wu Jian Council.
   900 | D:2      | Reached XP level 3. HP: 25/30 MP: 4/4
  1653 | D:3      | Found an ancient bone altar of Kikubaaqudgha.
  1705 | D:3      | Reached ** piety under Lugonu
  1705 | D:3      | Reached XP level 4. HP: 38/38 MP: 5/5
  1733 | D:3      | Noticed a human
  1734 | D:3      | Killed a human
  1781 | D:3      | Reached skill level 5 in Fighting
  1791 | D:3      | HP: 1/39 [orc (1)]
  1791 | D:3      | Mangled by an orc

Skill      XL: |  1  2  3  4 |
---------------+-------------+-----
Fighting       | 4 5 |  5.0
Axes           | |  1.7
Armour         | |  1.7
Dodging        | |  0.8
Invocations    | |  2.4

Action                   |  1- 3 |  4- 6 || total
-------------------------+-------+-------++-------
Melee: Hand axe          |   148 |    17 ||   165
Invok: Depart the Abyss  |     1 |       ||     1
  Use: Scroll            |     5 |       ||     5
       Potion            |     4 |       ||     4
  Eat: Chunk             |     2 |       ||     2
Armor: Ring mail         |    35 |       ||    35
       Chain mail        |    59 |    28 ||    87
Dodge: Dodged            |    78 |    17 ||    95
